 Dungeon Crawl Stone Soup version 0.28-a0-1235-g7c8fac35f0 (webtiles) character file.

Game seed: 4850430315970217611

889 Htamos the Ruffian (level 7, -2/71 HPs)
             Began as a Troll Monk on Dec 25, 2021.
             Slain by an ogre (33 damage)
             ... on level 5 of the Dungeon.
             The game lasted 00:05:36 (2827 turns).

Htamos the Ruffian (Troll Monk)                     Turns: 2827, Time: 00:05:37

Health: -2/71      AC:  4    Str: 20    XL:     7   Next: 77%
Magic:  6/6        EV:  6    Int:  6    God:
Gold:   195        SH: 12    Dex: 14    Spells: 6/6 levels left

rFire   . . .      SeeInvis .     - Unarmed
rCold   . . .      Faith    .   p - +0 tower shield
rNeg    . . .      Spirit   .   a - +0 robe
rPois   .          Reflect  .   (helmet restricted)
rElec   .          Harm     .   (no cloak)
rCorr   .          Rampage  .   (gloves unavailable)
Will    .....                   (boots unavailable)
Stlth   ++........              (no amulet)
HPRegen 1.01/turn               (no ring)
MPRegen 0.10/turn               (no ring)

@: no status effects
A: large, unfitting armour, claws 3, regeneration 1, shaggy fur 1, tough skin 1
a: no special abilities


You were on level 5 of the Dungeon.
You visited 1 branch of the dungeon, and saw 5 of its levels.

You collected 195 gold pieces.

Inventory:

Armour
 a - a +0 robe (worn)
 p - a +0 tower shield (worn)
Jewellery
 d - a ring of wizardry
 m - an amulet of magic regeneration
 r - a +6 ring of strength
 u - a +6 ring of intelligence
Wands
 q - a wand of paralysis (12)
Scrolls
 e - a scroll of magic mapping
 h - 2 scrolls of torment
 k - a scroll of blinking
 l - 2 scrolls of acquirement {unknown}
 o - a scroll of amnesia {unknown}
 s - a scroll of noise {unknown}
 t - a scroll of fear {unknown}
Potions
 b - a potion of brilliance {unknown}
 c - a potion of lignification {unknown}
 g - 2 potions of flight {unknown}
 i - a potion of curing {unknown}
 j - a potion of mutation {unknown}
 n - a potion of heal wounds {unknown}


   Skills:
 + Level 4.6 Fighting
 - Level 2.6 Dodging
 - Level 1.2 Stealth
 + Level 2.1 Shields
 * Level 7.2 Unarmed Combat


You had 6 spell levels left.
You didn't know any spells.
Your spell library contained the following spells:

 Spells                   Type           Power      Damage    Failure   Level
 Apportation              Tloc           0%         N/A       100%        1
 Summon Small Mammal      Summ           0%         N/A       100%        1
 Call Canine Familiar     Summ           0%         N/A       100%        3
 Summon Guardian Golem    Hex/Summ       0%         N/A       100%        3
 Tukima's Dance           Hex            0%         N/A       100%        3
 Passage of Golubria      Tloc           0%         N/A       100%        4
 Alistair's Intoxication  Tmut/Pois      0%         N/A       100%        5
 Yara's Violent Unravell  Hex/Tmut       0%         3d3       100%        5


Dungeon Overview and Level Annotations

Branches:
Dungeon (5/15)
 Temple: D:4-7

Altars:
Gozag

Shops:
D:4 =


Innate Abilities, Weirdness & Mutations

You are too large for most types of armour.
You have claws for hands.
Your natural rate of healing is unusually fast.
You are covered in fur. (AC +1)
You have tough skin. (AC +1)


Message History

You scratch the scorpion but do no damage.
The scorpion is lightly wounded.
The scorpion barely misses you.
You scratch the scorpion but do no damage.
The scorpion is lightly wounded.
The scorpion barely misses you. You block the scorpion's attack.
You closely miss the scorpion.
The scorpion is lightly wounded.
You block the scorpion's attack.
You scratch the scorpion but do no damage.
The scorpion is lightly wounded.
The scorpion stings you but does no damage.
You block the scorpion's attack.
You scratch the scorpion.
The scorpion is moderately wounded.
The scorpion stings you. You block the scorpion's attack.
You claw the scorpion!
The scorpion is almost dead.
The scorpion barely misses you.
You scratch the scorpion.
You kill the scorpion!
You see here a scorpion corpse.
You start resting.
HP restored.
The ogre shouts!
You block the ogre's attack.
You scratch the ogre.
The ogre is lightly wounded.
You block the ogre's attack.
You scratch the ogre.
The ogre is lightly wounded.
The ogre hits you with a +0 giant club!!
You scratch the ogre.
The ogre is moderately wounded.
The ogre hits you with a +0 giant club!!
* * * LOW HITPOINT WARNING * * *
You scratch the ogre.
The ogre is heavily wounded.
The ogre hits you with a +0 giant club!!
You die...

8#8.....##.....##
#?#.............##
8#8..............#
...............†<#
#................#
#................#
.................#
.................#
##........@.....##
##.....#.O....##
#######.....##
....### .#.#.#
..#.#.# ## #.#..
#. .#


You could see an ogre.

Vanquished Creatures
  Sigmund (D:4)
  Menkaure (D:4)
  Blork the orc (D:4)
  A scorpion (D:5)
  A howler monkey (D:3)
  A centaur zombie (D:3)
  A gnoll shaman (D:4)
  A hound (D:4)
  An iguana (D:3)
  2 orc wizards (D:3)
  2 hound skeletons (D:4)
  6 gnolls
  13 adders
  2 dart slugs
  7 orcs
  6 endoplasms
  3 giant cockroaches (D:1)
  4 goblins
  5 hobgoblins
  4 quokkas
  8 ball pythons
  6 bats
  A frilled lizard (D:2)
  7 kobolds
  5 rats
90 creatures vanquished.

Notes
Turn   | Place    | Note
-------+----------+-------------------------------------------
     0 | D:1      | Htamos the Troll Monk began the quest for the Orb.
     0 | D:1      | Reached XP level 1. HP: 22/22 MP: 0/0
    64 | D:1      | Reached XP level 2. HP: 29/29 MP: 1/1
   532 | D:2      | Reached XP level 3. HP: 36/36 MP: 2/2
   810 | D:2      | Reached skill level 4 in Unarmed Combat
   867 | D:2      | Reached XP level 4. HP: 45/45 MP: 3/3
  1249 | D:3      | Reached XP level 5. HP: 34/53 MP: 4/4
  1364 | D:3      | Reached skill level 5 in Unarmed Combat
  1416 | D:3      | Found an opulent altar of Gozag.
  1576 | D:3      | Reached XP level 6. HP: 60/62 MP: 5/5
  1644 | D:3      | Found a faded altar of an unknown god.
  2043 | D:4      | Noticed Blork the orc
  2057 | D:4      | Killed Blork the orc
  2058 | D:4      | Reached skill level 6 in Unarmed Combat
  2127 | D:4      | Found Posoc's Jewellery Emporium.
  2279 | D:4      | Reached skill level 1 in Shields
  2283 | D:4      | Reached XP level 7. HP: 54/70 MP: 6/6
  2394 | D:4      | Noticed Menkaure
  2420 | D:4      | Killed Menkaure
  2636 | D:4      | Noticed Sigmund
  2657 | D:4      | Killed Sigmund
  2658 | D:4      | Reached skill level 7 in Unarmed Combat
  2777 | D:5      | Entered Level 5 of the Dungeon
  2827 | D:5      | Slain by an ogre

Illustrated notes

Levels and vault maps discovered:
D:1:      ebering_trefoil_3fold, layout_basic, st_stairs_7
D:2:      layout_basic
D:3:      layout_loops_ring, nicolae_gozag_cash_rules_everything_around_me,
          shapermc_ecumenical_altar_pompeii, grunt_ministairs_14
D:4:      layout_loops_ring, serial_shops, nicolae_shop_trees,
          chequers_serial_rivers_small_b, kennysheep_generic_room_16,
          uniq_menkaure, uniq_sigmund, uniq_blork_the_orc
D:5:      layout_rooms, minmay_statues_item, uniq_prince_ribbit1, uniq_duvessa,
          uniq_pikel

Skill      XL: |  1  2  3  4  5  6  7 |
---------------+----------------------+-----
Fighting       | 3 4 |  4.6
Unarmed Combat | 4 5 6 7 |  7.2
Shields        | 1 2 |  2.1
Dodging        | |  2.6
Stealth        | |  1.2

Action                   |  1- 3 |  4- 6 |  7- 9 || total
-------------------------+-------+-------+-------++-------
Melee: Unarmed           |    84 |   164 |    34 ||   282
  Use: Scroll            |       |       |     3 ||     3
 Stab: Sleeping          |     4 |     2 |     1 ||     7
Armor: Robe              |    28 |    31 |     8 ||    67
Dodge: Dodged            |    48 |    60 |     7 ||   115
Block: Tower shield      |       |    31 |    21 ||    52

Table legend: (Time is in decaauts)
 A = Elapsed time spent in this place.
 B = Non-inter-level travel time spent in this place.
 C = Inter-level travel time spent in this place.
 D = Time resting spent in this place.
 E = Time spent auto-exploring this place.
 F = Levels seen in this place.
 G = Mean time per level.
                   A        B        C        D        E       F      G
               +--------+--------+--------+--------+--------+-----+--------+
         Total |   2836 |   2750 |     86 |      5 |   1945 |   5 |  567.2 |
       Dungeon |   2836 |   2750 |     86 |      5 |   1945 |   5 |  567.2 |
               +--------+--------+--------+--------+--------+-----+--------+

Top non-repeatable levels by time:
     D:4: 1088 daAuts
     D:3: 750 daAuts
     D:2: 473 daAuts
     D:1: 470 daAuts
     D:5: 53 daAuts
